 Dungeon Crawl Stone Soup version 0.29.1-15-g9cfb28693d (webtiles) character file.

Game seed: 3066652141383828983

90 Danienth the Firebug (level 4, 0/32 HPs)
             Began as a Demonspawn Fire Elementalist on Apr 9, 2023.
             Killed from afar by Ijyb (12 damage)
             ... with a puff of flame
             ... on level 3 of the Dungeon.
             The game lasted 00:15:07 (2217 turns).

Danienth the Firebug (Demonspawn Fire Elementalist) Turns: 2217, Time: 00:15:08

Health: 0/32       AC:  3    Str: 14    XL:     4   Next: 32%
Magic:  5/7        EV: 12    Int: 18    God:
Gold:   111        SH:  0    Dex: 14    Spells: 4/7 levels left

rFire   . . .      SeeInvis .   (no weapon)
rCold   . . .      Faith    .   (no shield)
rNeg    . . .      Spirit   .   a - +0 robe
rPois   .          Reflect  .   (helmet restricted)
rElec   .          Harm     .   (no cloak)
rCorr   .          Rampage  .   i - +0 pair of gloves
Will    .....                   (no boots)
Stlth   ++........              j - amulet of magic regeneration
HPRegen 0.10/turn               d - +6 ring of strength
MPRegen 0.50/turn               (no ring)

@: no status effects
A: claws 1, horns 1
a: no special abilities


You were on level 3 of the Dungeon.
You visited 1 branch of the dungeon, and saw 3 of its levels.

You collected 111 gold pieces.

Inventory:

Missiles
 m - 5 boomerangs (quivered)
Armour
 a - a +0 robe (worn)
 i - a +0 pair of gloves (worn)
Jewellery
 d - a +6 ring of strength (left hand)
 j - an amulet of magic regeneration (around neck)
Potions
 b - 2 potions of magic
 c - a potion of cancellation {unknown}
 e - a potion of degeneration {unknown}
 f - 2 potions of curing
 g - 3 potions of brilliance
 k - a potion of resistance {unknown}
 l - a potion of heal wounds {unknown}
 n - a potion of attraction {unknown}


   Skills:
 + Level 1.0 Fighting
 + Level 2.2 Dodging
 + Level 2.4 Stealth
 + Level 0.8 Unarmed Combat
 + Level 2.4 Spellcasting
 + Level 1.9 Conjurations
 + Level 3.0 Fire Magic


You had 4 spell levels left.
You knew the following spells:

 Your Spells              Type           Power      Damage    Failure   Level
a - Foxfire               Conj/Fire      44%        2x1d6     6%          1
b - Scorch                Fire           26%        2d6       8%          2

Your spell library contained the following spells:

 Spells                   Type           Power      Damage    Failure   Level
 Conjure Flame            Conj/Fire      11%        6-21      19%         3
 Inner Flame              Hex/Fire       7%         N/A       28%         3
 Flame Wave               Conj/Fire      11%        2d6       52%         4


Dungeon Overview and Level Annotations

Branches:
Dungeon (3/15)

Altars:
Gozag

Annotations:
D:3 Ijyb


Innate Abilities, Weirdness & Mutations

You have sharp fingernails.
You have a pair of small horns on your head.


Message History

Casting: Foxfire (safe; 6% risk of failure)
Confirm with . or Enter, or press ? or * to list all spells.
You conjure some foxfire!
Ijyb hits you but does no damage.
You hit Ijyb but do no damage.
Ijyb is severely wounded.
The foxfire hits Ijyb but does no damage.
Ijyb is severely wounded.
The foxfire hits Ijyb.
Ijyb is severely wounded.
Ijyb hits you with a +0 club.
Casting: Foxfire (safe; 6% risk of failure)
Confirm with . or Enter, or press ? or * to list all spells.
You conjure some foxfire!
Ijyb barely misses you.
You hit Ijyb but do no damage.
Ijyb is severely wounded.
The foxfire hits Ijyb but does no damage.
Ijyb is severely wounded.
The foxfire hits Ijyb but does no damage.
Ijyb is severely wounded.
Ijyb closely misses you.
Casting: Foxfire (safe; 6% risk of failure)
Confirm with . or Enter, or press ? or * to list all spells.
You conjure some foxfire!
Ijyb closely misses you.
Casting: Foxfire (safe; 6% risk of failure)
Confirm with . or Enter, or press ? or * to list all spells.
You conjure some foxfire!
The foxfire hits Ijyb but does no damage.
Ijyb is severely wounded.
The foxfire hits Ijyb.
Ijyb is almost dead.
Ijyb hits you with a +0 club.
Casting: Foxfire (safe; 6% risk of failure)
Confirm with . or Enter, or press ? or * to list all spells.
You conjure some foxfire!
The foxfire hits Ijyb but does no damage.
Ijyb is almost dead.
The foxfire hits Ijyb.
Ijyb is almost dead.
Ijyb zaps a wand.
The puff of flame hits you!
You die...

.........#.#
#
+#####..#...#
#......#
#.#..#.#
##.####.#
#.......#
###.######
#.#v# +.g@#
#.v.§.#
#.#§#>...
..##.#...##
... #.# ..#
### #.# #...
#.# .... #.#
###


You could see Ijyb (ally target).

Vanquished Creatures
  A gnoll (D:1)
  3 adders (D:2)
  2 worms
  6 endoplasms
  A giant cockroach (D:2)
  5 goblins
  2 hobgoblins (D:1)
  4 jackals
  5 kobolds
  3 quokkas
  2 ball pythons
  4 bats
  4 frilled lizards
  4 rats
46 creatures vanquished.

Vanquished Creatures (others)
  104 foxfires
104 creatures vanquished.

Grand Total: 150 creatures vanquished

Notes
Turn   | Place    | Note
-------+----------+-------------------------------------------
     0 | D:1      | Danienth the Demonspawn Fire Elementalist began the quest
                  | for the Orb.
     0 | D:1      | Reached XP level 1. HP: 13/13 MP: 3/3
   309 | D:1      | Discovered your monstrous ancestry.
   309 | D:1      | Gained mutation: You have sharp fingernails. [demonic
                  | ancestry]
   309 | D:1      | Reached XP level 2. HP: 12/19 MP: 1/5
   603 | D:1      | Reached XP level 3. HP: 13/25 MP: 3/6
  1244 | D:2      | Reached skill level 3 in Fire Magic
  1689 | D:2      | Gained mutation: You have a pair of small horns on your
                  | head. [demonic ancestry]
  1689 | D:2      | Reached XP level 4. HP: 31/31 MP: 7/7
  1803 | D:2      | Reached skill level 1 in Fighting
  1806 | D:2      | Learned a level 2 spell: Scorch
  1851 | D:2      | Found an opulent altar of Gozag.
  2199 | D:3      | Noticed Ijyb
  2217 | D:3      | Killed from afar by Ijyb

Illustrated notes

Levels and vault maps discovered:
D:1:      spicycebolla_arrival_transporter_tutorial, layout_rooms,
          feat_on_display
D:2:      layout_rooms, basic_altar, minivault_14
D:3:      layout_basic, saegor_snake_ambush, uniq_ijyb, uniq_natasha

Skill      XL: |  1  2  3  4 |
---------------+-------------+-----
Stealth        | 2 |  2.4
Dodging        | 2 |  2.2
Fire Magic     | 3 |  3.0
Fighting       | 1 |  1.0
Unarmed Combat | |  0.8
Spellcasting   | |  2.4
Conjurations   | |  1.9

Action                   |  1- 3 |  4- 6 || total
-------------------------+-------+-------++-------
Melee: Unarmed           |    57 |    23 ||    80
       Headbutt          |       |     6 ||     6
 Cast: Foxfire           |    48 |    18 ||    66
       Scorch            |       |     3 ||     3
  Use: Scroll            |       |     3 ||     3
Armor: Robe              |    11 |     8 ||    19
Dodge: Dodged            |    42 |    14 ||    56
